[Event "Titled Tuesday Blitz June 15 2021"]
[White "Levine, Joseph"]
[Black "Savitski, Andrei"]
[WhiteFideId "30940346"]
[BlackFideId "13506161"]
[WhiteElo "1785"]
[BlackElo "2121"]
[Result "0-1"]
[Round "05"]
[TimeControl "180+1"]
[Date "2021.06.15"]
[WhiteClock "0:00:08"]
[BlackClock "0:00:09"]

1. e4 c5 2. Nf3 d6 3. d4 cxd4 4. Nxd4 Nf6 5. Nc3 Nc6 6. Bc4 e6 7. O-O a6 8. Be3 Qc7 9. Bb3 Na5 10. h3 Be7 11. Qd3 O-O 12. f4 b5 13. f5 e5 14. Nde2 Nxb3 15. axb3 Bb7 16. b4 h6 17. Nd5 Nxd5 18. exd5 Rac8 19. Nc3 Qc4 20. Qd2 Bf6 21. Rf3 Rfe8 22. Bxh6 Qd4+ 23. Be3 Qxd2 24. Bxd2 e4 25. Re3 Bd4 26. Kf1 Bxe3 27. Bxe3 Rc4 28. Ke2 Re5 29. g4 Re8 30. Kd2 g6 31. fxg6 fxg6 32. b3 Rcc8 33. Rf1 Rf8 34. Rxf8+ Rxf8 35. Ke2 Kf7 36. Nxe4 Bxd5 37. Nxd6+ Ke6 38. Bc5 Rh8 39. c4 Bc6 40. cxb5 axb5 41. Ke3 Rd8 42. Ne4 Bxe4 43. Kxe4 Rh8 44. Kf4 Rxh3 45. Kg5 Kf7 46. Bd6 Rxb3 47. Bc5 Rd3 48. Bf2 Rd5+ 49. Kf4 Ke6 50. Ke4 Re5+ 51. Kf4 Re2 52. Bc5 Re5 53. Bd4 g5+ 54. Kf3 Re1 55. Bc5 Rc1 56. Be3 Rc3 57. Ke4 Rc4+ 58. Kf3 Kf6 59. Bc5 Rc3+ 60. Ke4 Rc4+ 61. Kf3 Ke5 62. Be7 Rc3+ 63. Ke2 Kf4 64. Kd2 Rc4 65. Kd3 Kxg4 66. Bd6 Kf5 67. Ke3 Kg4 68. Kf2 Kf5 69. Ke3 g4 70. Kf2 Ke4 71. Ke2 Kd4 72. Kf2 Kc3 73. Kg3 Rxb4 0-1


[Site "https://www.chess.com"]

[Event "Titled Tuesday Blitz June 15 2021"]
[White "Libiszewski, Fabien"]
[Black "Viana Da Costa, Fernando"]
[WhiteFideId "616834"]
[BlackFideId "2111900"]
[WhiteElo "2440"]
[BlackElo "2247"]
[Result "1-0"]
[Round "05"]
[TimeControl "180+1"]
[Date "2021.06.15"]
[WhiteClock "0:00:12"]
[BlackClock "0:00:03"]

1. e4 c5 2. d3 Nc6 3. g3 g6 4. Bg2 Bg7 5. f4 d6 6. Nf3 Nf6 7. O-O O-O 8. c3 c4 9. Kh1 cxd3 10. Qxd3 Nd7 11. Be3 Nc5 12. Qc2 Qc7 13. Nbd2 b5 14. Nd4 Rb8 15. Nxc6 Qxc6 16. e5 Qc7 17. exd6 Qxd6 18. Rad1 Qc7 19. Nf3 Bf5 20. Qe2 Rfd8 21. Nd4 Bd7 22. f5 b4 23. fxg6 hxg6 24. Qf2 Rf8 25. cxb4 Rxb4 26. Nc2 Rxb2 27. Bxc5 Bf5 28. Rd2 Rc8 29. g4 Rxc2 30. Rxc2 Bxc2 31. Qxf7+ Kh8 32. Bxe7 Bd3 33. Re1 Qc3 34. Qf2 Re8 35. Qh4+ 1-0


[Site "https://www.chess.com"]

[Event "Titled Tuesday Blitz June 15 2021"]
[White "Liyanage, Ranindu Dilshan"]
[Black "Stepanencu, Nicodim-Cosmin"]
[WhiteFideId "9915834"]
[BlackFideId "1256220"]
[WhiteElo "1839"]
[BlackElo "1704"]
[Result "0-1"]
[Round "05"]
[TimeControl "180+1"]
[Date "2021.06.15"]
[WhiteClock "0:00:02"]
[BlackClock "0:00:14"]

1. e4 c6 2. d4 d5 3. e5 Bf5 4. Nf3 e6 5. Be2 c5 6. Be3 Nc6 7. Nc3 Qb6 8. O-O Qxb2 9. Qe1 cxd4 10. Bxd4 Bb4 11. Rb1 Qxc2 12. Rxb4 Nxb4 13. Nb5 Nc6 14. Nd6+ Kf8 15. Bb5 Bd3 16. Bxd3 Qxd3 17. Bc5 Nge7 18. Ng5 b6 19. Ndxf7 bxc5 20. Nxh8 Qf5 21. f4 h6 22. Ngf7 Nd4 23. Nd6 Qc2 24. Nhf7 Nef5 25. Qa5 Ne3 26. Rf2 Qd1+ 0-1


[Site "https://www.chess.com"]

[Event "Titled Tuesday Blitz June 15 2021"]
[White "Macovei, Andrei"]
[Black "Sychev, Klementy"]
[WhiteFideId "13904680"]
[BlackFideId "4114060"]
[WhiteElo "2439"]
[BlackElo "2615"]
[Result "0-1"]
[Round "05"]
[TimeControl "180+1"]
[Date "2021.06.15"]
[WhiteClock "0:00:28"]
[BlackClock "0:01:05"]

1. e4 c5 2. Nf3 d6 3. d4 cxd4 4. Qxd4 Nc6 5. Qe3 g6 6. Be2 Bg7 7. O-O Nh6 8. h3 O-O 9. Rd1 f6 10. Nc3 Nf7 11. b3 f5 12. Bb2 fxe4 13. Qxe4 Bf5 14. Qh4 Bxc2 15. Rd2 Bf5 16. Bc4 e6 17. Qxd8 Raxd8 18. g4 Nfe5 19. Nxe5 Nxe5 20. Be2 Bh6 21. Rdd1 Bc2 22. Re1 Bd2 23. Rf1 Nf3+ 24. Kg2 Nd4 25. Bc4 d5 26. Nb5 Be4+ 27. f3 Nxf3 0-1


[Site "https://www.chess.com"]

[Event "Titled Tuesday Blitz June 15 2021"]
[White "Manafov, Vugar"]
[Black "Jacobson, Brandon"]
[WhiteFideId "13410814"]
[BlackFideId "30901561"]
[WhiteElo "2274"]
[BlackElo "2362"]
[Result "1-0"]
[Round "05"]
[TimeControl "180+1"]
[Date "2021.06.15"]
[WhiteClock "0:00:12"]
[BlackClock "0:00:16"]

1. Nf3 d5 2. g3 Nd7 3. Bg2 e5 4. O-O Ngf6 5. d3 c6 6. Nc3 Bc5 7. e4 dxe4 8. dxe4 O-O 9. Qe2 Qe7 10. a4 a5 11. Rd1 b6 12. Ne1 Ba6 13. Nd3 Bd4 14. Qe1 Ng4 15. Ne2 Nc5 16. Nxd4 Nxd3 17. Nf5 Qc5 18. cxd3 Rfd8 19. Bf1 Rd7 20. Be3 Nxe3 21. Qxe3 Qb4 22. Rd2 Rad8 23. Rad1 Qxa4 24. Bh3 f6 25. Qxb6 Bxd3 26. Qe3 Bb5 27. Nh6+ gxh6 28. Bxd7 Kg7 29. b3 Qb4 30. Bg4 Rxd2 31. Rxd2 Qa3 32. Rd7+ Kh8 33. Rd8+ Kg7 34. Rd7+ Kh8 35. Qxh6 Qa1+ 36. Bd1 1-0


[Site "https://www.chess.com"]

[Event "Titled Tuesday Blitz June 15 2021"]
[White "Matlakov, Maxim"]
[Black "Gunina, Valentina"]
[WhiteFideId "4168003"]
[BlackFideId "4167570"]
[WhiteElo "2760"]
[BlackElo "2399"]
[Result "0-1"]
[Round "05"]
[TimeControl "180+1"]
[Date "2021.06.15"]
[WhiteClock "0:00:22"]
[BlackClock "0:00:34"]

1. d4 d5 2. Nf3 Nf6 3. e3 Bg4 4. h3 Bxf3 5. Qxf3 e6 6. g4 c5 7. c3 Nc6 8. Nd2 Bd6 9. Bg2 O-O 10. g5 Nd7 11. h4 Qe7 12. Qe2 Nb6 13. f4 Rac8 14. Nf3 Qc7 15. Ne5 Ne7 16. Bd2 Nf5 17. Qg4 cxd4 18. exd4 Bxe5 19. fxe5 Nc4 20. Bc1 Qb6 21. O-O Nce3 22. Bxe3 Nxe3 23. Qe2 Nxf1 24. Rxf1 Qa6 25. Qf2 Qd3 26. h5 b5 27. h6 b4 28. hxg7 Kxg7 29. Qf6+ Kg8 30. Rf3 Qg6 31. Qf4 bxc3 32. bxc3 Rb8 33. Bf1 Qe4 34. Qg3 Rb1 35. Kh2 Rfb8 36. Kh3 R8b2 37. g6 hxg6 38. Bg2 Rg1 39. Qg5 Qxf3+ 40. Bxf3 Rxg5 0-1


[Site "https://www.chess.com"]

[Event "Titled Tuesday Blitz June 15 2021"]
[White "Maze, Sebastien"]
[Black "Rottenwohrer Suarez, Juan"]
[WhiteFideId "613762"]
[BlackFideId "32068182"]
[WhiteElo "2462"]
[BlackElo "2188"]
[Result "1-0"]
[Round "05"]
[TimeControl "180+1"]
[Date "2021.06.15"]
[WhiteClock "0:00:53"]
[BlackClock "0:00:02"]

1. e4 c6 2. d4 d5 3. e5 Bf5 4. Nf3 e6 5. Be2 c5 6. O-O Nc6 7. Be3 cxd4 8. Nxd4 Nxd4 9. Bxd4 Ne7 10. c3 Nc6 11. Bd3 Bxd3 12. Qxd3 Be7 13. Re1 Rc8 14. Nd2 O-O 15. g3 Qa5 16. Kg2 Qa6 17. Qxa6 bxa6 18. Nf3 a5 19. Rab1 Rb8 20. b3 Rb7 21. Rec1 Rfb8 22. Kf1 g5 23. h3 h5 24. g4 hxg4 25. hxg4 Kg7 26. Ke2 Kg6 27. Kd3 a4 28. b4 a5 29. a3 Na7 30. Bxa7 Rxa7 31. Nd4 axb4 32. Nc6 Rab7 33. Nxb8 Rxb8 34. cxb4 f6 35. Rc7 Re8 36. b5 fxe5 37. b6 Bd6 38. Rd7 e4+ 39. Ke2 Bxa3 40. b7 Rb8 41. Rb5 Bc1 42. Ra5 d4 43. Rxa4 d3+ 44. Kf1 Bf4 45. Ra8 Rxb7 46. Rxb7 d2 47. Rd7 1-0


[Site "https://www.chess.com"]

[Event "Titled Tuesday Blitz June 15 2021"]
[White "Mekhitarian, Krikor Sevag"]
[Black "Pastar, Slaven"]
[WhiteFideId "2107660"]
[BlackFideId "14402718"]
[WhiteElo "2598"]
[BlackElo "2227"]
[Result "1-0"]
[Round "05"]
[TimeControl "180+1"]
[Date "2021.06.15"]
[WhiteClock "0:00:31"]
[BlackClock "0:00:01"]

1. e4 b6 2. d4 Bb7 3. Bd3 Nf6 4. Qe2 e6 5. Nf3 d5 6. e5 Ne4 7. Nbd2 Nxd2 8. Bxd2 c5 9. c3 Be7 10. h4 a5 11. h5 Ba6 12. Rh3 O-O 13. Rg3 Kh8 14. h6 g6 15. Bg5 Bxd3 16. Qxd3 Nc6 17. a3 Kg8 18. Qe3 Rb8 19. Kf1 c4 20. Kg1 b5 21. Qf4 b4 22. axb4 axb4 23. Ra6 bxc3 24. bxc3 Bxg5 25. Nxg5 Rc8 26. Rf3 Qe7 27. g3 Rc7 28. Qg4 Nb8 29. Ra8 Ra7 30. Rxb8 Rxb8 31. Rxf7 Qxf7 32. Nxf7 Rxf7 33. Qxe6 Rd8 34. Kg2 Rd7 35. Qe8+ 1-0


[Site "https://www.chess.com"]

[Event "Titled Tuesday Blitz June 15 2021"]
[White "Mezentsev, Ivan"]
[Black "Vokhidov, Shamsiddin"]
[WhiteFideId "13706195"]
[BlackFideId "14204223"]
[WhiteElo "2295"]
[BlackElo "2572"]
[Result "1-0"]
[Round "05"]
[TimeControl "180+1"]
[Date "2021.06.15"]
[WhiteClock "0:00:49"]
[BlackClock "0:01:28"]

1. d4 Nf6 2. Nf3 e6 3. Bf4 d5 4. e3 Bd6 5. Bg3 Ne4 6. Bxd6 Qxd6 7. a3 c5 8. Nbd2 O-O 9. Nxe4 dxe4 10. Nd2 f5 11. Nc4 Qe7 12. dxc5 Qxc5 13. Qd6 Na6 14. b4 Qxd6 15. Nxd6 Rd8 16. O-O-O Nc7 17. Bc4 Kf8 18. Rd2 Ke7 19. Rhd1 Bd7 20. Nxb7 Rab8 21. Nxd8 Rxd8 22. Kb2 Ne8 23. Bb5 Nf6 24. Bxd7 Nxd7 25. Rxd7+ Rxd7 26. Rxd7+ Kxd7 27. c4 e5 28. Kc3 g5 29. c5 h5 30. Kc4 Ke6 31. c6 Kd6 32. c7 Kxc7 33. Kd5 f4 34. Kxe5 f3 35. g3 1-0


[Site "https://www.chess.com"]

[Event "Titled Tuesday Blitz June 15 2021"]
[White "Mikhalsky, Vladimir"]
[Black "Liang, Jason"]
[WhiteFideId "14144352"]
[BlackFideId "30940303"]
[WhiteElo "2280"]
[BlackElo "1976"]
[Result "0-1"]
[Round "05"]
[TimeControl "180+1"]
[Date "2021.06.15"]
[WhiteClock "0:00:01"]
[BlackClock "0:00:06"]

1. d4 Nf6 2. c4 e5 3. dxe5 Ng4 4. Nf3 Bc5 5. e3 Nc6 6. Be2 O-O 7. b3 Ngxe5 8. Bb2 Bb4+ 9. Nbd2 Qf6 10. Qc2 Nxf3+ 11. Bxf3 Ne5 12. Be2 d6 13. f4 Qg6 14. Qxg6 Nxg6 15. a3 Bc5 16. Nf1 Re8 17. Kd2 a5 18. h4 Ne7 19. g4 b5 20. cxb5 Bb7 21. Rh3 Nd5 22. Bf3 Rab8 23. Re1 Ba8 24. Bh1 Rxb5 25. Kc2 Reb8 26. Nd2 Nxe3+ 27. Rexe3 Bxe3 28. Bxa8 Bxd2 29. Kxd2 Rxa8 30. Kc2 Re8 31. Rc3 c5 32. Rd3 Re2+ 33. Kc3 a4 34. b4 cxb4+ 35. axb4 d5 36. Ba3 f6 37. Kd4 Kf7 38. Rc3 Re4+ 39. Kd3 Rxf4 40. Rc7+ Ke6 41. Rxg7 h5 42. gxh5 Rxh4 43. Bc1 Rxh5 44. Rg4 Rh3+ 45. Kd4 Rxb4+ 46. Kc5 Rxg4 47. Ba3 Rc4+ 48. Kb5 Rb3+ 49. Ka5 Kd7 50. Bb4 Kc6 51. Ka6 Rbxb4 52. Ka7 a3 0-1


[Site "https://www.chess.com"]

[Event "Titled Tuesday Blitz June 15 2021"]
[White "Mirzoev, Azer"]
[Black "Plotnikov, Pavel"]
[WhiteFideId "13400304"]
[BlackFideId "4170342"]
[WhiteElo "2525"]
[BlackElo "2298"]
[Result "1-0"]
[Round "05"]
[TimeControl "180+1"]
[Date "2021.06.15"]
[WhiteClock "0:00:54"]
[BlackClock "0:01:33"]

1. d4 Nf6 2. c4 g6 3. Nc3 Bg7 4. e4 O-O 5. f3 d6 6. Be3 e5 7. Nge2 Nc6 8. Qd2 Qe7 9. O-O-O Bd7 10. g4 h5 11. g5 Nh7 12. h4 exd4 13. Nxd4 Ne5 14. Kb1 Be6 15. Nxe6 Qxe6 16. Qe2 Rfe8 17. Nd5 Rac8 18. Bh3 Ng4 19. Bc1 c6 20. Nf4 Qe5 21. fxg4 d5 22. gxh5 Rcd8 23. hxg6 fxg6 24. cxd5 cxd5 25. Nxg6 Qd6 26. h5 Rxe4 27. Qxe4 dxe4 28. Rxd6 Rxd6 29. Ne7+ Kf7 30. Nf5 Rd5 31. g6+ Kg8 32. gxh7+ Kxh7 33. Nxg7 Kxg7 34. Re1 Rxh5 35. Bg2 Re5 36. Bxe4 Kf7 37. Rf1+ Ke7 38. Bxb7 Re2 39. Ba6 Kd6 40. Bxe2 Kc5 41. Rf5+ Kd4 42. Rf4+ Ke5 43. Bf3 a5 44. Be3 a4 45. b3 a3 46. b4 Kd6 47. Rf5 Kc7 48. Rf6 Kd7 49. Bg4+ Ke7 50. Bg5 Ke8 51. Re6+ Kd7 52. Kc2 Kc7 53. Bf4+ Kb7 54. Bf3+ Kc8 55. Re7 Kd8 56. Bd6 Kc8 57. Bc6 Kd8 58. Re8# 1-0


[Site "https://www.chess.com"]

[Event "Titled Tuesday Blitz June 15 2021"]
[White "Molina, Roberto Junio Brito"]
[Black "Michailov, Matias"]
[WhiteFideId "2109450"]
[BlackFideId "3001571"]
[WhiteElo "2402"]
[BlackElo "2231"]
[Result "1-0"]
[Round "05"]
[TimeControl "180+1"]
[Date "2021.06.15"]
[WhiteClock "0:00:19"]
[BlackClock "0:00:03"]

1. d4 Nf6 2. c4 g6 3. Nc3 Bg7 4. e4 d6 5. Nf3 O-O 6. Be2 e5 7. O-O Nc6 8. d5 Ne7 9. b4 Nh5 10. Re1 f5 11. Ng5 Nf6 12. Bf3 c6 13. Bb2 h6 14. Ne6 Bxe6 15. dxe6 fxe4 16. Nxe4 Nxe4 17. Rxe4 d5 18. cxd5 cxd5 19. Rxe5 Bxe5 20. Bxe5 Qb6 21. Bb2 Rad8 22. Qd2 Kh7 23. h4 d4 24. Be4 Qxe6 25. Re1 Qf6 26. h5 Nf5 27. hxg6+ Qxg6 28. Bxb7 Rf7 29. Be4 Kg8 30. Qf4 Qg5 31. Qe5 Nh4 32. Bxd4 Qxe5 33. Bxe5 Rd2 34. f4 Nf5 35. Bc3 Rd8 36. b5 h5 37. Ba5 Rd4 38. Bc3 Rd8 39. Be5 Nh6 40. Rc1 Ng4 41. Bc7 Rd2 42. Bf3 Rxc7 43. Rxc7 Rxa2 44. Bxg4 hxg4 45. Kh2 Ra3 46. Rc5 Kf8 47. Rg5 Rb3 48. Rxg4 Rxb5 49. Rg3 Kf7 50. Ra3 a5 51. Kg3 Kf6 52. Kf3 Kf5 53. g4+ Kf6 54. Kg3 Kg6 55. Ra4 Kf6 56. Kh4 Kg6 57. g5 Rb1 58. Rxa5 Rh1+ 59. Kg3 Rg1+ 60. Kf2 Rb1 61. Re5 Rb3 62. Re3 Rb2+ 63. Kf3 Rb4 64. Kg4 Rb5 65. Re6+ Kf7 66. Rf6+ Kg7 67. Rc6 Rc5 1-0


[Site "https://www.chess.com"]

[Event "Titled Tuesday Blitz June 15 2021"]
[White "Mortazavi, Ali"]
[Black "Donchenko, Alexander"]
[WhiteFideId "401323"]
[BlackFideId "24603295"]
[WhiteElo "2339"]
[BlackElo "2553"]
[Result "0-1"]
[Round "05"]
[TimeControl "180+1"]
[Date "2021.06.15"]
[WhiteClock "0:00:34"]
[BlackClock "0:01:55"]

1. Nf3 Nf6 2. g3 b6 3. Bg2 Bb7 4. O-O g6 5. d3 c5 6. e4 Bg7 7. a4 Nc6 8. Nbd2 O-O 9. Re1 d6 10. e5 Nxe5 11. Nxe5 Bxg2 12. Nxf7 Rxf7 13. Kxg2 Qd7 14. f4 Raf8 15. Nc4 e5 16. Qf3 exf4 17. Bxf4 Nh5 18. Qd5 Nxf4+ 19. gxf4 Kh8 20. Re6 Rxf4 21. Nxd6 Rd4 0-1


[Site "https://www.chess.com"]

[Event "Titled Tuesday Blitz June 15 2021"]
[White "Murzin, Volodar"]
[Black "Moskalenko, Alexander"]
[WhiteFideId "44155573"]
[BlackFideId "4155351"]
[WhiteElo "2541"]
[BlackElo "2495"]
[Result "0-1"]
[Round "05"]
[TimeControl "180+1"]
[Date "2021.06.15"]
[WhiteClock "0:00:02"]
[BlackClock "0:00:15"]

1. e4 e5 2. Nf3 Nc6 3. Bb5 Nf6 4. d3 Bc5 5. c3 d6 6. Bg5 h6 7. Bh4 a6 8. Ba4 Qe7 9. Nbd2 Bd7 10. Qe2 b5 11. Bc2 b4 12. Nc4 g5 13. Bg3 Nh5 14. Ba4 bxc3 15. bxc3 Nf4 16. Bxf4 gxf4 17. Rb1 Rg8 18. g3 Qf6 19. Rb7 Nd8 20. Bxd7+ Kxd7 21. Rb3 Ne6 22. Nh4 Rgb8 23. Nf5 a5 24. Qd1 Ng7 25. Nxg7 Qxg7 26. Kf1 Qg6 27. Kg2 f5 28. Re1 fxg3 29. hxg3 f4 30. d4 exd4 31. cxd4 Rxb3 32. Qxb3 Bb4 33. Rh1 Qxe4+ 34. Qf3 Qxf3+ 35. Kxf3 fxg3 36. fxg3 Rf8+ 37. Ke2 Rf6 38. Ne3 Rg6 39. g4 c5 40. Kf3 cxd4 41. Nf5 d3 42. Rxh6 d2 43. Rh1 Re6 44. Ne3 d5 45. Rd1 d4 0-1


[Site "https://www.chess.com"]

[Event "Titled Tuesday Blitz June 15 2021"]
[White "Najdin, Danil"]
[Black "elcandado"]
[WhiteFideId "4172426"]
[WhiteElo "2193"]
[BlackElo "2654"]
[Result "1-0"]
[Round "05"]
[TimeControl "180+1"]
[Date "2021.06.15"]
[WhiteClock "0:00:07"]
[BlackClock "0:00:07"]

1. e4 e5 2. Nf3 Nc6 3. Bb5 a6 4. Ba4 Nf6 5. O-O Be7 6. Re1 b5 7. Bb3 d6 8. a4 Bd7 9. c3 O-O 10. d4 exd4 11. cxd4 Na5 12. Bc2 Nc4 13. b3 Nb6 14. a5 Nc8 15. e5 Nd5 16. Qd3 g6 17. Bh6 Re8 18. Qd2 Na7 19. Nc3 Nxc3 20. Qxc3 dxe5 21. dxe5 Be6 22. Rad1 Qc8 23. Be4 c6 24. Nd4 b4 25. Qf3 Bg4 26. Qd3 Bxd1 27. Qxd1 Rd8 28. Qa1 Rb8 29. g3 c5 30. Ne2 Nb5 31. e6 f6 32. Nf4 Nd4 33. Qb2 g5 34. Nd5 Rxd5 35. Bxd5 Qc7 36. h4 Rd8 37. Bg2 Qd6 38. hxg5 fxg5 39. Qc1 Nxe6 40. Qc4 Kf7 41. Bh3 Bf6 42. Rxe6 Qd1+ 43. Re1+ Qd5 44. Be6+ Kg6 45. Bxd5 1-0


[Site "https://www.chess.com"]

[Event "Titled Tuesday Blitz June 15 2021"]
[White "Niemann, Hans Moke"]
[Black "Ulziikhishigjargal, Ochirkhuyag"]
[WhiteFideId "2093596"]
[BlackFideId "4903188"]
[WhiteElo "2492"]
[BlackElo "1836"]
[Result "1-0"]
[Round "05"]
[TimeControl "180+1"]
[Date "2021.06.15"]
[WhiteClock "0:02:30"]
[BlackClock "0:01:34"]

1. d4 Nf6 2. Nc3 d5 3. Bf4 e6 4. e3 a6 5. g4 Bb4 6. Bg2 c5 7. g5 Ne4 8. Bxe4 dxe4 9. Ne2 cxd4 10. Qxd4 Qxd4 11. exd4 Bd7 12. a3 Bxc3+ 13. Nxc3 Bc6 14. O-O-O Nd7 15. Rhe1 f5 16. d5 exd5 17. Nxd5 Bxd5 18. Rxd5 g6 19. Red1 O-O-O 20. R1d4 b5 21. Rd6 1-0


[Site "https://www.chess.com"]

[Event "Titled Tuesday Blitz June 15 2021"]
[White "Oparin, Grigoriy"]
[Black "Rostovtsev, Dmitry"]
[WhiteFideId "24125890"]
[BlackFideId "34278320"]
[WhiteElo "2628"]
[BlackElo "2143"]
[Result "1-0"]
[Round "05"]
[TimeControl "180+1"]
[Date "2021.06.15"]
[WhiteClock "0:00:39"]
[BlackClock "0:00:02"]

1. b3 d5 2. Bb2 Nf6 3. Nf3 Bf5 4. c4 e6 5. d3 c6 6. Nbd2 h6 7. h3 Nbd7 8. g4 Bh7 9. Bg2 Bd6 10. a3 Qe7 11. b4 a5 12. c5 Bb8 13. Qb3 Bc7 14. O-O O-O 15. Rfe1 b6 16. d4 Ne4 17. b5 a4 18. Qd1 cxb5 19. c6 Nb8 20. Rc1 Qd6 21. Nxe4 dxe4 22. Nd2 Qh2+ 23. Kf1 f5 24. e3 Na6 25. Qe2 Rf7 26. f4 fxg4 27. Bxe4 Qxh3+ 28. Qg2 Bxe4 29. Nxe4 Raf8 30. Qxh3 gxh3 31. Ke2 b4 32. axb4 Nxb4 33. Ba3 Nd5 34. Bxf8 Rxf8 35. Rh1 b5 36. Nc5 Re8 37. Rxh3 Bxf4 38. Kd3 Bc7 39. Rhh1 Nb4+ 40. Ke2 Nd5 41. e4 Nf4+ 42. Ke3 Ng2+ 43. Kf3 Nf4 44. Rb1 Rf8 45. Nd7 Rf7 46. Rxb5 Nd5+ 47. Ke2 Nc3+ 48. Kd3 Nxb5 49. Rb1 Nd6 50. e5 Nf5 51. Rb7 a3 52. Rxc7 h5 53. Ra7 Ng3 54. c7 Rf3+ 55. Kc4 Kh7 56. c8=Q Rf1 57. Nf8+ Kh6 58. Qxe6+ Kg5 59. Rxg7+ Kh4 60. Ng6+ Kg5 61. Ne7+ Kh4 62. Qg6 1-0


[Site "https://www.chess.com"]

[Event "Titled Tuesday Blitz June 15 2021"]
[White "Ozates, Tuna"]
[Black "Vallejo Diaz, Javier"]
[WhiteFideId "6354521"]
[BlackFideId "2256398"]
[WhiteElo "1872"]
[BlackElo "2680"]
[Result "0-1"]
[Round "05"]
[TimeControl "180+1"]
[Date "2021.06.15"]
[WhiteClock "0:00:15"]
[BlackClock "0:00:21"]

1. e4 d5 2. exd5 Qxd5 3. Nc3 Qa5 4. d4 c6 5. g3 Nf6 6. Bg2 e5 7. dxe5 Qxe5+ 8. Nge2 Be7 9. Bf4 Qa5 10. O-O O-O 11. h3 Na6 12. Nd4 Rd8 13. Nb3 Qb6 14. Qe2 Be6 15. Rfd1 Re8 16. Qf3 Nb4 17. Nd4 Bd5 18. Nxd5 Nbxd5 19. Nf5 Qxb2 20. c4 Nxf4 21. Qxf4 Bc5 22. Rab1 Qxa2 23. Rxb7 Qc2 24. Rc1 Qe2 25. Bxc6 Re6 26. Bd5 Nxd5 27. Nh6+ Kh8 28. Nxf7+ Kg8 29. Nh6+ Kh8 30. Rb8+ Rxb8 31. Qxb8+ Re8 32. Qb3 Qxf2+ 33. Kh1 Re1+ 34. Rxe1 Qxe1+ 35. Kg2 Qf2+ 36. Kh1 Qg1# 0-1


[Site "https://www.chess.com"]

[Event "Titled Tuesday Blitz June 15 2021"]
[White "Ozen, Bahadir"]
[Black "Balabayeva, Xeniya"]
[WhiteFideId "6337058"]
[BlackFideId "13719688"]
[WhiteElo "2503"]
[BlackElo "1937"]
[Result "1-0"]
[Round "05"]
[TimeControl "180+1"]
[Date "2021.06.15"]
[WhiteClock "0:00:15"]
[BlackClock "0:00:02"]

1. c4 e6 2. g3 d5 3. Bg2 Nf6 4. d4 Be7 5. Nf3 O-O 6. O-O dxc4 7. Qa4 c5 8. dxc5 Bxc5 9. Qxc4 Be7 10. Nc3 Nc6 11. Rd1 Bd7 12. Bf4 Rc8 13. Qd3 Qb6 14. Qb5 Qxb5 15. Nxb5 Nd5 16. Bd6 a6 17. Bxe7 Ncxe7 18. Nd6 Rc7 19. Rac1 Bc6 20. Ne5 f6 21. Nxc6 Rxc6 22. Rxc6 bxc6 23. e4 Nb6 24. Bh3 Rd8 25. Bxe6+ Kf8 26. Rd2 Na4 27. Bb3 Nxb2 28. Rxb2 Rxd6 29. Bc4 Ng6 30. Bxa6 Ne5 31. Be2 Ke7 32. a4 Rd7 33. a5 c5 34. a6 c4 35. Rc2 Rc7 36. f4 1-0


[Site "https://www.chess.com"]

[Event "Titled Tuesday Blitz June 15 2021"]
[White "Pakleza, Zbigniew"]
[Black "Skatchkov, Pavel"]
[WhiteFideId "1119290"]
[BlackFideId "4121848"]
[WhiteElo "2526"]
[BlackElo "2476"]
[Result "0-1"]
[Round "05"]
[TimeControl "180+1"]
[Date "2021.06.15"]
[WhiteClock "0:00:02"]
[BlackClock "0:00:08"]

1. d4 Nf6 2. Nf3 e6 3. Bf4 d5 4. e3 c5 5. c3 Nc6 6. Nbd2 Bd6 7. Bg3 O-O 8. Bd3 b6 9. Ne5 Ne7 10. f4 Nf5 11. Bf2 Be7 12. Nc6 Qc7 13. Nxe7+ Qxe7 14. Qf3 Qc7 15. e4 dxe4 16. Nxe4 Nd5 17. dxc5 Nxf4 18. Bc2 Bb7 19. O-O-O bxc5 20. g4 Ne7 21. Bg3 Neg6 22. Qe3 f5 23. gxf5 exf5 24. Nd6 Bxh1 25. Bxf4 Nxf4 26. Qxf4 Be4 27. Bb3+ Kh8 28. h4 Qe7 29. Re1 Rad8 30. Nxf5 Qd7 31. Qxe4 Qxf5 32. Qxf5 Rxf5 33. Bc2 Rh5 34. Re4 g5 35. Re5 Rxh4 36. b3 h6 37. Kb2 Rh2 38. Kb1 Rh1+ 39. Kb2 Rd2 40. Re8+ Kg7 41. Re7+ Kf6 42. Rd7 Rxd7 0-1


[Site "https://www.chess.com"]

[Event "Titled Tuesday Blitz June 15 2021"]
[White "Petriashvili, Nikoloz"]
[Black "Andrews, Todd"]
[WhiteFideId "13611216"]
[BlackFideId "2012456"]
[WhiteElo "2430"]
[BlackElo "2424"]
[Result "0-1"]
[Round "05"]
[TimeControl "180+1"]
[Date "2021.06.15"]
[WhiteClock "0:00:38"]
[BlackClock "0:00:59"]

1. d4 Nf6 2. c4 c5 3. Nf3 cxd4 4. Nxd4 e5 5. Nb5 d5 6. cxd5 Bc5 7. N5c3 O-O 8. e3 Qe7 9. Be2 e4 10. O-O Rd8 11. a3 a5 12. Nd2 Bf5 13. Qc2 Nbd7 14. b3 Rac8 15. Bb2 Bd6 16. Nc4 Bb8 17. Rad1 Ne5 18. d6 Bxd6 19. Nxd6 Rxd6 20. Nd5 Nxd5 21. Qd2 Nd3 22. Qxa5 Rc5 23. Qa7 Rc2 24. Bxd3 exd3 25. Bd4 Rdc6 26. b4 h5 27. b5 R6c4 28. a4 h4 29. h3 Be4 30. a5 Qg5 31. Qb8+ Kh7 32. Qh2 Rxd4 33. exd4 Nf4 34. Rfe1 Bxg2 35. Re5 Ne2+ 36. Rxe2 dxe2 37. Re1 Bf3+ 0-1


[Site "https://www.chess.com"]

[Event "Titled Tuesday Blitz June 15 2021"]
[White "Ponkratov, Pavel"]
[Black "Quparadze, Giga"]
[WhiteFideId "4157800"]
[BlackFideId "13602250"]
[WhiteElo "2636"]
[BlackElo "2658"]
[Result "1-0"]
[Round "05"]
[TimeControl "180+1"]
[Date "2021.06.15"]
[WhiteClock "0:00:50"]
[BlackClock "0:00:47"]

1. d4 Nf6 2. c4 e6 3. Nc3 Bb4 4. Qa4 c5 5. dxc5 Bxc5 6. Bf4 O-O 7. e3 d5 8. Nf3 Nc6 9. cxd5 Nxd5 10. Nxd5 Qxd5 11. a3 e5 12. Bc4 Qd6 13. Rd1 Qc7 14. Bg3 Bg4 15. Bxf7+ Qxf7 16. Qxg4 Rae8 17. O-O e4 18. Nd2 h5 19. Qe2 Kh7 20. Qc4 Qf5 21. Nb3 Bb6 22. Rd5 Qg6 23. Qe2 Rf5 24. Rfd1 Ref8 25. Rxf5 Rxf5 26. h4 Qf7 27. Nd2 Qd5 28. Nc4 Qe6 29. Rd6 Qe7 30. Rd1 Qe6 31. b4 Rd5 32. Rxd5 Qxd5 33. Qc2 Qd3 34. Qxd3 exd3 35. Kf1 Bd8 36. Ke1 b5 37. Nd6 a5 38. Nxb5 axb4 39. axb4 Nxb4 40. Kd2 Kg6 41. Bd6 Nc6 42. g3 Kf5 43. Kxd3 Kg4 44. Ke2 g5 45. hxg5 Bxg5 46. f3+ Kf5 47. e4+ Ke6 48. f4 Bf6 49. f5+ Kd7 50. Bf4 Ne5 51. Bxe5 Bxe5 52. Kf3 Ke7 53. Na3 Kf6 54. Nc4 Bc7 55. Ne3 Be5 56. Nd5+ Kg5 57. Nf4 Bd6 58. Ne6+ Kf6 59. Nf4 Kg5 60. Nd3 Kf6 61. Kg2 Kg5 62. e5 Ba3 63. f6 Kf5 64. Kf3 Bf8 65. Ke3 Bh6+ 66. Kd4 Bg5 67. Kd5 Bxf6 68. exf6 Kxf6 69. Ke4 Kg5 70. Kf3 h4 71. g4 h3 72. Kg3 h2 73. Nf2 1-0


[Site "https://www.chess.com"]